 Dungeon Crawl Stone Soup version 0.30-a0-1160-g6e42c06551 (webtiles) character file.

Game seed: 10111026983048627961

15 Newt the Shooter (level 2, -3/19 HPs)
             Began as a Kobold Hunter on Apr 26, 2023.
             Killed from afar by Sigmund (6 damage)
             ... with a magic dart
             ... on level 2 of the Dungeon.
             The game lasted 00:00:44 (811 turns).

Newt the Shooter (Kobold Hunter)                     Turns: 811, Time: 00:00:44

Health: -3/19      AC:  3    Str:  8    XL:     2   Next: 65%
Magic:  2/2        EV: 14    Int: 10    God:
Gold:   33         SH:  0    Dex: 18    Spells: 1/1 levels left

rFire   . . .        a - +0 shortbow
rCold   . . .        (shield currently unavailable)
rNeg    . . .        c - +0 leather armour
rPois   .            (no helmet)
rElec   .            (no cloak)
rCorr   .            (no gloves)
SInv    .            (no boots)
Will    .....        (no amulet)
Stlth   +++          (no ring)
HPRegen 0.23/turn    (no ring)
MPRegen 0.08/turn

%: no passive effects
@: invisible
A: small, no large weapons, nightstalker 3
a: no special abilities


You were on level 2 of the Dungeon.
You visited 1 branch of the dungeon, and saw 2 of its levels.

You collected 33 gold pieces.

Inventory:

Hand Weapons
 a - a +0 shortbow (weapon)
Armour
 c - a +0 leather armour (worn)
Potions
 d - a potion of mutation


   Skills:
 + Level 3.3 Fighting
 - Level 5.3 Ranged Weapons
 - Level 2.4 Dodging
 - Level 1.3 Stealth


You had one spell level left.
You didn't know any spells.
Your spell library was empty.

Dungeon Overview and Level Annotations

Branches:
Dungeon (2/15)

Altars:

Annotations:
D:2 Sigmund


Innate Abilities, Weirdness & Mutations

You are small and have problems with some larger weapons.
You are completely attuned to the shadows.


Message History

Unknown command.
The rat bites you.
An adder comes into view.
Unknown command.
Fire: a) +0 shortbow
Press: ? - help, Shift-Dir - straight line, f - Sigmund, p - rat
Aim: Sigmund, wielding a +0 scythe, wearing a +1 robe of fire resistance and carrying a wand of light (1) (inner flame, 61% to hit)
You shoot an arrow. The arrow hits Sigmund.
Flame seeps out of Sigmund.
Sigmund is moderately wounded.
The rat bites you but does no damage.
Sigmund is engulfed in blazing flames.
Flame seeps out of Sigmund.
Sigmund completely misses you.
Sigmund is engulfed in blazing flames.
Flame seeps out of Sigmund.
Sigmund gestures at you while chanting. The puff of flame hits you!
* * * LOW HITPOINT WARNING * * *
It was a potion of invisibility.
You fade into invisibility!
The rat misses you. The adder closely misses you.
Sigmund is engulfed in blazing flames.
Flame seeps out of Sigmund.
Sigmund laughs darkly.
Sigmund completely misses you.
Unknown command.
The adder misses you.
Unknown command.
Fire: a) +0 shortbow
Press: ? - help, Shift-Dir - straight line, f/p - Sigmund
Aim: Sigmund, wielding a +0 scythe, wearing a +1 robe of fire resistance and carrying a wand of light (1) (almost dead, inner flame, unable to see you, 61% to hit)
You shoot an arrow.
The arrow hits the adder but does no damage.
Sigmund barely misses you. The adder misses you. The rat misses you.
Unknown command.
Fire: a) +0 shortbow
Press: ? - help, Shift-Dir - straight line, f/p - Sigmund
Aim: Sigmund, wielding a +0 scythe, wearing a +1 robe of fire resistance and carrying a wand of light (1) (almost dead, inner flame, unable to see you, 61% to hit)
You shoot an arrow. The arrow hits the adder!
The adder is severely wounded.
The adder misses you.
Sigmund points at you and mumbles some strange words.
The magic dart hits you.
You die...

#.# # #.# .##
###.###...
#.........
####........#
....rS@......
....@.....?.#
.....###.....
...... ......
.............
.............


You could see Sigmund (inner flame, unable to see you), an adder (unable to see
you) and a rat (inner flame, unable to see you).

Vanquished Creatures
  3 giant cockroaches (D:1)
  5 jackals (D:1)
  A quokka (D:1)
  A frilled lizard (D:1)
  A kobold (D:1)
  2 rats (D:1)
13 creatures vanquished.

Notes
Turn   | Place    | Note
-------+----------+-------------------------------------------
     0 | D:1      | Newt the Kobold Hunter began the quest for the Orb.
     0 | D:1      | Reached XP level 1. HP: 12/12 MP: 1/1
    94 | D:1      | Found a faded altar of an unknown god.
   325 | D:1      | Reached XP level 2. HP: 18/18 MP: 2/2
   798 | D:2      | Noticed Sigmund
   811 | D:2      | Killed from afar by Sigmund

Illustrated notes

Levels and vault maps discovered:
D:1:      minmay_arrival_four_loops, layout_loops_ring,
          chequers_ecumenical_altar_simple
D:2:      layout_basic, uniq_sigmund

Skill      XL: |  1  2 |
---------------+-------+-----
Fighting       | 3 |  3.3
Ranged Weapons | |  5.3
Dodging        | |  2.4
Stealth        | |  1.3

Action                     || total
---------------------------++-------
   Fire: Shortbow          ||    40
    Use: Scroll            ||     3
         Potion            ||     1
 Armour: Leather armour    ||     2
  Dodge: Dodged            ||    32

Table legend: (Time is in decaauts)
 A = Elapsed time spent in this place.
 B = Non-inter-level travel time spent in this place.
 C = Inter-level travel time spent in this place.
 D = Time resting spent in this place.
 E = Time spent auto-exploring this place.
 F = Levels seen in this place.
 G = Mean time per level.
                   A        B        C        D        E       F      G
               +--------+--------+--------+--------+--------+-----+--------+
         Total |    822 |    751 |     71 |      0 |    667 |   2 |  411.0 |
       Dungeon |    822 |    751 |     71 |      0 |    667 |   2 |  411.0 |
               +--------+--------+--------+--------+--------+-----+--------+

Top non-repeatable levels by time:
     D:1: 801 daAuts
     D:2: 21 daAuts
